 Dungeon Sprint DCSS version 0.20.1-1-g8b1a95d (webtiles) character file.

5583 wojtek the Bludgeoner (level 10, -1/141 (151) HPs)
             Began as a Minotaur Berserker on Jan 2, 2018.
             Was a High Priest of Trog.
             Succumbed to poison (dark miasma)
             ... in the Dungeon (Sprint II: "The Violet Keep of Menkaure").
             The game lasted 00:06:07 (1529 turns).

wojtek the Bludgeoner (Minotaur Berserker)          Turns: 1529, Time: 00:06:07

HP:   -1/141 (151)  AC: 21    Str: 31    XL:     10   Next: 44%
MP:   3/3           EV: 16    Int:  7    God:    Trog [*****.]
Gold: 579           SH:  0    Dex: 11    Spells: 9/9 levels left

rFire    . . .     SeeInvis .   l - +3 great mace (antimagic)
rCold    . . .     Gourm    .   (shield currently unavailable)
rNeg     . . .     Faith    .   k - +5 plate armour of Xyet {*Corrode rElec Dex+2}
rPois    .         Spirit   .   (helmet restricted)
rElec    +         Reflect  .   (no cloak)
rCorr    .         Harm     .   (no gloves)
MR       .....     NoTele   +   (no boots)
Stlth    ..........             (no amulet)
Regen    0.0/turn               w - +3 ring of intelligence
MPRegen  0.1/turn               y - +2 ring of evasion

@: berserking (expiring), lethally poisoned (-1 -> -154), non-regenerating,
badly diseased, slowed
A: retaliatory headbutt, horns 2
a: Berserk, Trog's Hand, Brothers in Arms, Burn Spellbooks, Renounce Religion


You were in the Dungeon.
You worshipped Trog.
Trog was extremely pleased with you.
You were very hungry.

You visited 1 branch You collected 1447 gold pieces.
You spent 868 gold pieces at shops.

Inventory:

Hand Weapons
 a - a +0 mace
 l - a +3 antimagic great mace (weapon)
Armour
 b - a +0 animal skin
 k - the +5 plate armour of Xyet (worn) {*Corrode rElec Dex+2}
   (You bought it in a shop in the Dungeon)

   It affects your dexterity (+2).
   It insulates you from electricity.
   It may corrode you when you take damage.
Jewellery
 o - an uncursed amulet of guardian spirit {unknown}
 w - a +3 ring of intelligence (left hand)
 y - a +2 ring of evasion (right hand)
Scrolls
 i - a scroll of blinking
 n - 3 scrolls of remove curse {unknown}
 p - 4 scrolls of fear {unknown}
 t - 2 scrolls of immolation {unknown}
 u - a scroll of magic mapping {unknown}
 x - a scroll of enchant armour {unknown}
 z - 2 scrolls of identify {unknown}
 B - a scroll of random uselessness {unknown}
Potions
 d - 5 potions of curing
 e - a potion of heal wounds
 f - 4 potions of haste
 g - 5 potions of magic
 h - a potion of berserk rage
 m - a potion of might {unknown}
 q - 4 potions of resistance {unknown}
 r - 4 potions of flight {unknown}
 s - 3 potions of brilliance {unknown}
 A - a potion of ambrosia {unknown}
Comestibles
 c - 2 bread rations
 j - 6 chunks of flesh
 v - 2 meat rations


   Skills:
 + Level 13.5 Fighting
 * Level 17.9 Maces & Flails
 + Level 13.3 Armour
 + Level 12.3 Dodging


You had 9 spell levels left.
You didn't know any spells.

Dungeon Overview and Level Annotations

Branches:
Dungeon (1/1)

Altars:
Cheibriados
Dithmenos
Elyvilon
Fedhas
Gozag
Hepliaklqana
Kikubaaqudgha
Makhleb
Nemelex Xobeh
Okawaru
Qazlal
Ru
Sif Muna
Trog
Uskayaw
Vehumet
Xom
Yredelemnul
Zin
The Shining One
Beogh
Jiyva
Lugonu

Shops:
D :}?!(%![==![:%=!

Annotations:
D exclusion: oklob plant


Innate Abilities, Weirdness & Mutations

You reflexively headbutt those who attack you in melee.
You have a pair of horns on your head.


Message History

The death drake bites you but does no damage.
You crush the death drake like a grape!!!
You kill the death drake!
Trog accepts your kill.
You are engulfed in dark miasma.
You are more poisoned.
You feel as though you will be slow longer.
* * * LOW HITPOINT WARNING * * *
You feel extremely sick.
Your ogre is engulfed in dark miasma.
Your ogre looks as sick as possible!
Your ogre seems to slow down.
Unknown command.
You are too berserk!
* * * LOW HITPOINT WARNING * * *
You feel extremely sick.
Your ogre is engulfed in dark miasma.
Your ogre looks as sick as possible!
Your ogre seems to slow down.
You are too berserk!
You feel a strong urge to attack something.
You die...

#...▓▓▓▓▓▓▓▓▓▓ #...▓≈≈≈≈§§§≈▓▓ #
#§§▓▓▓▓▓▓▓▓▓▓▓ #|)▓..).)().▓▓ +##
#. k#)§▓.....[..▓▓ #.##.####
+.##k#=[▓........▓▓ #..# ...#
^..####▓.....(..▓▓ #.####..##
#..##.#▓(....[[.▓▓ '###.##..#
+..#@)#▓(...).).▓▓ .###..#..#
#..#.O#▓[)...[..▓▓
<.'.##'..####..##(#▓.......[▓▓
.###..#....###§k§##▓▓▓▓▓▓▓'▓▓▓▓+▓
'###.##......≈§§§§§≈≈≈≈≈§§...≈≈≈▓
#.####≈≈..§..≈#+########§###.≈≈≈▓
#..#≈≈≈≈≈§§..≈#._..._..#§§≈##≈≈≈▓
..##≈§§≈§§≈§§≈#.._._._.#≈§≈§####▓
+##≈≈≈≈§§≈≈≈§≈#._._._._#§§§§§##..


You could see a friendly ogre (berserk).

Vanquished Creatures
  A kraken (D)
  A death drake (D)
  2 deep trolls (D)
  A yaktaur (D)
  2 tyrant leeches (D)
  3 polar bears (D)
  A hornet (D)
  2 hippogriffs (D)
  4 necrophages (D)
  4 crocodiles (D)
  4 worker ants (D)
  5 tentacles (D)
30 creatures vanquished.

Vanquished Creatures (others)
  A flying skull (D)
  Menkaure (D)
  A crocodile (D)
  5 tentacles (D)
8 creatures vanquished.

Grand Total: 38 creatures vanquished

Notes
Turn   | Place    | Note
-------+----------+-------------------------------------------
     0 | D        | wojtek the Minotaur Berserker began the quest for the Orb.
     0 | D        | Reached XP level 1. HP: 19/19 MP: 0/0
     1 | D        | Noticed a tyrant leech
     1 | D        | Noticed a tyrant leech
     4 | D        | Noticed a worker ant
     4 | D        | Noticed a worker ant
     9 | D        | Killed a worker ant
     9 | D        | Reached skill level 5 in Maces & Flails
     9 | D        | Reached XP level 2. HP: 17/28 MP: 1/1
    12 | D        | Reached skill level 5 in Fighting
    12 | D        | Reached skill level 6 in Maces & Flails
    12 | D        | Reached XP level 3. HP: 15/36 MP: 2/2
    12 | D        | Killed Menkaure
    35 | D        | Killed a crocodile
   293 | D        | Reached ** piety under Trog
   293 | D        | Reached XP level 4. HP: 42/42 MP: 3/3
   297 | D        | Reached skill level 7 in Maces & Flails
   297 | D        | Reached skill level 5 in Armour
   350 | D        | Noticed a necrophage
   350 | D        | Noticed a necrophage
   350 | D        | Noticed a necrophage
   350 | D        | Noticed a necrophage
   356 | D        | Killed a necrophage
   356 | D        | Reached skill level 9 in Maces & Flails
   356 | D        | Reached skill level 5 in Dodging
   356 | D        | Reached XP level 5. HP: 50/50 MP: 4/4
   364 | D        | Killed a necrophage
   364 | D        | Reached skill level 10 in Maces & Flails
   371 | D        | Killed a necrophage
   371 | D        | Reached *** piety under Trog
   371 | D        | Reached XP level 6. HP: 59/59 MP: 5/5
   374 | D        | Reached skill level 11 in Maces & Flails
   411 | D        | Noticed a hippogriff
   411 | D        | Noticed a hippogriff
   422 | D        | Killed a hippogriff
   422 | D        | Reached skill level 12 in Maces & Flails
   422 | D        | Reached XP level 7. HP: 40/68 MP: 6/6
   425 | D        | Killed a hippogriff
   646 | D        | Killed a tyrant leech
   646 | D        | Reached **** piety under Trog
   646 | D        | Reached skill level 10 in Fighting
   646 | D        | Reached skill level 13 in Maces & Flails
   646 | D        | Reached XP level 8. HP: 46/77 MP: 7/7
   658 | D        | Killed a tyrant leech
   658 | D        | Reached skill level 10 in Armour
   920 | D        | Found Vaumn's Antique Armour Shoppe.
   920 | D        | Found Agecee's Antique Armour Shoppe.
   920 | D        | Found Buidoyla's Food Shoppe.
   920 | D        | Found Cikkamp's Distillery.
   920 | D        | Found Ehitwole's Distillery.
   920 | D        | Found Viedough's Distillery.
   921 | D        | Found Segiet's Jewellery Emporium.
   921 | D        | Found Ucoxzakk's Jewellery Shoppe.
   921 | D        | Found Pyere's Jewellery Emporium.
   921 | D        | Found Figair's Antique Weapon Shoppe.
   921 | D        | Found Duogg's Distillery.
   922 | D        | Found Zeshrarch's Magic Scroll Shoppe.
   922 | D        | Found Xigg's Book Shoppe.
   922 | D        | Found Cuopacon's Food Emporium.
   922 | D        | Found Maxtap's Gadget Emporium.
   922 | D        | Noticed a slime creature
   922 | D        | Noticed a slime creature
   936 | D        | Noticed a slime creature
   936 | D        | Noticed an oklob plant
   937 | D        | Found Xaceam's Book Shoppe.
   939 | D        | Noticed a death yak
   951 | D        | Bought a twisted plate armour for 868 gold pieces
   961 | D        | Identified the +5 plate armour of Xyet {*Corrode rElec Dex+2} (You bought it in a shop in the Dungeon)
   984 | D        | Found a glowing silver altar of Zin.
   985 | D        | Found a glowing golden altar of the Shining One.
   985 | D        | Found a basalt altar of Yredelemnul.
   985 | D        | Found a hide-covered altar of Uskayaw.
   985 | D        | Found a radiant altar of Vehumet.
   986 | D        | Found a shimmering altar of Xom.
   986 | D        | Found a bloodstained altar of Trog.
   986 | D        | Found a burning altar of Makhleb.
   987 | D        | Found a deep blue altar of Sif Muna.
   987 | D        | Found a corrupted altar of Lugonu.
   988 | D        | Found a sacrificial altar of Ru.
   988 | D        | Found an ancient bone altar of Kikubaaqudgha.
   988 | D        | Found a white marble altar of Elyvilon.
   989 | D        | Found a stormy altar of Qazlal.
   989 | D        | Found a viscous altar of Jiyva.
   989 | D        | Found a shadowy altar of Dithmenos.
   990 | D        | Found a hazy altar of Hepliaklqana.
   990 | D        | Found a snail-covered altar of Cheibriados.
   991 | D        | Found a roughly hewn altar of Beogh.
   992 | D        | Noticed a yaktaur
   992 | D        | Noticed a hornet
   992 | D        | Noticed a polar bear
   992 | D        | Noticed a polar bear
   993 | D        | Noticed a polar bear
   997 | D        | Killed a polar bear
   997 | D        | Reached skill level 14 in Maces & Flails
  1001 | D        | Killed a polar bear
  1001 | D        | Reached ***** piety under Trog
  1004 | D        | Killed a polar bear
  1004 | D        | Reached skill level 10 in Dodging
  1006 | D        | Killed a hornet
  1006 | D        | Reached skill level 15 in Maces & Flails
  1006 | D        | Reached XP level 9. HP: 87/87 MP: 8/8
  1012 | D        | Killed a yaktaur
  1128 | D        | Noticed a kraken
  1161 | D        | Found a blossoming altar of Fedhas.
  1184 | D        | Killed a kraken
  1184 | D        | Received a gift from Trog
  1184 | D        | Reached skill level 17 in Maces & Flails
  1184 | D        | Reached XP level 10. HP: 82/98 MP: 9/9
  1330 | D        | Noticed a deep troll
  1331 | D        | Noticed a deep troll
  1335 | D        | Killed a deep troll
  1336 | D        | Killed a deep troll
  1372 | D        | Found an opulent altar of Gozag.
  1374 | D        | Found a sparkling altar of Nemelex Xobeh.
  1375 | D        | Found an iron altar of Okawaru.
  1382 | D        | Noticed an ice statue
  1413 | D        | Noticed a death drake
  1527 | D        | Killed a death drake
  1529 | D        | Succumbed to poison (dark miasma)

Skill      XL: |  1  2  3  4  5  6  7  8  9 10 |
---------------+-------------------------------+-----
Fighting       | 4 5 6 8 9 10 11 12 13 | 13.5
Maces & Flails | 5 6 9 10 12 13 15 17 | 17.9
Armour         | 3 4 6 7 8 9 11 12 13 | 13.3
Dodging        | 3 4 5 6 8 10 11 12 | 12.3

Action                   |  1- 3 |  4- 6 |  7- 9 | 10-12 || total
-------------------------+-------+-------+-------+-------++-------
Melee: Mace              |     9 |    35 |    78 |       ||   122
       Headbutt          |     4 |     5 |    23 |     1 ||    33
       Great mace        |       |       |       |    11 ||    11
Invok: Berserk           |       |     2 |     3 |     2 ||     7
       Brothers in Arms  |       |       |       |     1 ||     1
  Eat: Chunk             |       |       |     5 |     3 ||     8
Armor: Animal skin       |     1 |     4 |       |       ||     5
       Plate armour      |       |       |    15 |     7 ||    22
Dodge: Dodged            |     7 |    14 |    24 |    13 ||    58
